 Dungeon Crawl Stone Soup version 0.21.1-1-g345015f (webtiles) character file.

44540 rgaf the Unseen (level 13, -4/96 HPs)
             Began as a Vampire Enchanter on June 28, 2018.
             Was the Champion of Kikubaaqudgha.
             Killed from afar by a rime drake (17 damage)
             ... with a flash freeze
             ... on level 6 of the Lair of Beasts.
             The game lasted 00:41:18 (24202 turns).

rgaf the Unseen (Vampire Enchanter)                Turns: 24202, Time: 00:41:18

Health: -4/96      AC: 15    Str:  9    XL:     13   Next: 96%
Magic:  23/27      EV: 12    Int: 22    God:    Kikubaaqudgha [******]
Gold:   984        SH:  0    Dex: 15    Spells: 27/33 levels left

rFire    + + +     SeeInvis +   h - +0 rapier (venom)
rCold    . . .     Gourm    .   (no shield)
rNeg     + . .     Faith    .   q - +2 leather armour {rF+}
rPois    +         Spirit   .   (no helmet)
rElec    +         Reflect  .   P - +2 cloak
rCorr    .         Harm     .   F - +2 pair of gloves {archery}
MR       +....                  M - +2 pair of boots {run}
Stlth    ++++++....             (no amulet)
HPRegen  0.26/turn              T - ring "Watra" {*Slow rElec rPois rF++ Int+4}
MPRegen  0.20/turn              I - ring of wizardry

@: very slightly contaminated, quick
A: fangs 3, see invisible, shaggy fur 1, weak 1, wild magic 1, unbreathing
a: Bat Form, Receive Corpses, Torment, Brand Weapon With Pain, Receive
Necronomicon, Renounce Religion


You were on level 6 of the Lair of Beasts.
You worshipped Kikubaaqudgha.
Kikubaaqudgha was exalted by your worship.
You were not thirsty.

You visited 3 branches of the dungeon, and saw 18 of its levels.
You also visited: Labyrinth.

You collected 1141 gold pieces.
You spent 157 gold pieces at shops.

Inventory:

Hand Weapons
 a - a +2 dagger
 h - a +0 rapier of venom (weapon)
 l - a +0 rapier of flaming
Armour
 q - a +2 leather armour of fire resistance (worn)
 F - a +2 pair of gloves of archery (worn)
 M - a +2 pair of boots of running (worn)
 P - a +2 cloak (worn)
 V - the cursed +1 robe of Ethics {Dex+5, unknown}
   (You found it on level 6 of the Lair of Beasts)

   It affects your dexterity (+5).
   It has a curse placed upon it.
Jewellery
 f - a +2 ring of dexterity
 p - an uncursed amulet of faith
 w - an uncursed ring of flight {unknown}
 A - a +3 ring of dexterity
 I - a ring of wizardry (right hand)
 N - a +2 ring of dexterity
 Q - a cursed ring of teleportation {unknown}
 T - the ring "Watra" (left hand) {*Slow rElec rPois rF++ Int+4}
   (You found it in a labyrinth)

   [ring of intelligence]

   It affects your intelligence (+4).
   It greatly protects you from fire.
   It insulates you from electricity.
   It protects you from poison.
   It may slow you when you take damage.
Wands
 C - a wand of paralysis (49)
 E - a wand of iceblast (13)
 G - a wand of random effects (40)
 H - a wand of acid (17)
 L - a wand of polymorph (30)
Scrolls
 i - 7 scrolls of remove curse
 k - 6 scrolls of magic mapping
 o - 6 scrolls of teleportation
 y - 3 scrolls of amnesia
 B - a scroll of summoning
 K - a scroll of enchant armour
 W - a scroll of enchant weapon
Potions
 b - a potion of flight {unknown}
 d - 8 potions of blood
 e - 8 potions of curing
 j - 3 potions of lignification
 n - a potion of might {unknown}
 s - a potion of magic
 t - 6 potions of brilliance
 u - a potion of degeneration {unknown}
 v - 2 potions of ambrosia
 z - 2 potions of haste {unknown}
 D - 6 potions of cancellation
 O - a potion of mutation
Books
 c - a book of Maledictions

   Spells                             Type                      Level
   a - Corona                         Hexes                        1
   b - Ensorcelled Hibernation        Hexes/Ice                    2
   c - Confuse                        Hexes                        3
   d - Tukima's Dance                 Hexes                        3
   e - Dazzling Spray                 Conjuration/Hexes            3
 r - a book of Geomancy

   Spells                             Type                      Level
   a - Sandblast                      Earth                        1
   b - Passwall                       Transmutation/Earth          2
   c - Stone Arrow                    Conjuration/Earth            3
   d - Petrify                        Transmutation/Earth          4
   e - Lee's Rapid Deconstruction     Earth                        5
 x - Kikubaaqudgha's Almanac of Unholy Magic
   (Kikubaaqudgha gifted it to you on level 6 of the Dungeon)

   Spells                             Type                      Level
   a - Animate Skeleton               Necromancy                   1
   b - Pain                           Necromancy                   1
   c - Sublimation of Blood           Necromancy                   2
   d - Regeneration                   Charms/Necromancy            3
 J - Kikubaaqudgha's Compendium of Unholy Rites
   (Kikubaaqudgha gifted it to you on level 10 of the Dungeon)

   Spells                             Type                      Level
   a - Animate Dead                   Necromancy                   4
   b - Excruciating Wounds            Charms/Necromancy            5
   c - Borgnjor's Vile Clutch         Necromancy/Earth             5
   d - Dispel Undead                  Necromancy                   5
   e - Death Channel                  Necromancy                   6
 R - a book of Death

   Spells                             Type                      Level
   a - Corpse Rot                     Necromancy                   2
   b - Sublimation of Blood           Necromancy                   2
   c - Agony                          Necromancy                   5
   d - Dispel Undead                  Necromancy                   5
   e - Excruciating Wounds            Charms/Necromancy            5
   f - Bolt of Draining               Conjuration/Necromancy       5
 S - a book of Necromancy

   Spells                             Type                      Level
   a - Pain                           Necromancy                   1
   b - Animate Skeleton               Necromancy                   1
   c - Vampiric Draining              Necromancy                   3
   d - Regeneration                   Charms/Necromancy            3
   e - Animate Dead                   Necromancy                   4
   f - Borgnjor's Vile Clutch         Necromancy/Earth             5
 U - a book of Enchantments

   Spells                             Type                      Level
   a - Cause Fear                     Hexes                        4
   b - Yara's Violent Unravelling     Hexes/Transmutation          5
   c - Silence                        Hexes/Air                    5
   d - Deflect Missiles               Charms/Air                   6
   e - Discord                        Hexes                        8


   Skills:
 + Level 7.4 Fighting
 - Level 10.0 Short Blades
 - Level 2.1 Dodging
 - Level 17.4 Stealth
 + Level 10.8 Spellcasting
 - Level 16.2 Hexes
 * Level 7.8 Necromancy


You had 27 spell levels left.
You knew the following spells:

 Your Spells              Type           Power        Failure   Level  Hunger
a - Corona                Hex            #######      1%          1    None
b - Ensorcelled Hibernat  Hex/Ice        ######       1%          2    None
c - Confuse               Hex            #######.     1%          3    None


Dungeon Overview and Level Annotations

Branches:
Dungeon (11/15)            Temple (1/1) D:5            Lair (6/6) D:10
  Swamp (0/4) Lair:4       Spider (0/4) Lair:4          Orc (0/2) D:10
  Slime: Lair:5-6

Altars:
Ashenzari
Cheibriados
Dithmenos
Elyvilon
Fedhas
Gozag
Hepliaklqana
Kikubaaqudgha
Makhleb
Nemelex Xobeh
Okawaru
Qazlal
Ru
Sif Muna
Trog
Uskayaw
Vehumet
Wu Jian
Xom
Yredelemnul
Zin
The Shining One

Shops:
D:6 :   D:8 [


Innate Abilities, Weirdness & Mutations

You have razor-sharp teeth.
You have supernaturally acute eyesight. (SInv)
You can survive without breathing.
You are covered in fur. (AC +1)
You are weak. (Str -2)
Your spells are a little harder to cast, but a little more powerful.


Message History

The rime drake breathes ice at you. The flash freeze hits you!
* * * LOW HITPOINT WARNING * * *
You are encased in ice.
Blink to where?
Press: ? - help, Dir - move target cursor You are very lightly contaminated with residual magic.
As you read the scroll of blinking, it crumbles to dust. 6 death yaks and a rime drake come into view.
The rime drake hisses angrily.
The death yak bellows! x3
The rime drake bites you but does no damage.
The death yak bellows!
Found 19 gold pieces.
The death yak gores you.
* * * LOW HITPOINT WARNING * * *
The ice encasing you melts away. The rime drake breathes ice at you.
The flash freeze hits you!
You die...
Kikubaaqudgha rasps: "You have failed me!
Welcome... oblivion!"

..............
................
#.................
#...P.............
#P.........ยง......
...............P.
##...........#.###
##P............ #
#.@............#
##..Y........###
#..Y.........#
###Y.k........
#..Y.......
#....Y......
#...........
#$.Y........#
.............P


You could see 6 death yaks and a rime drake.

Vanquished Creatures
  The ghost of drakoslayr the Blocker, a journeyman MiBe of Trog (Lair:4)
  A minotaur (Lab)
  Fannar (Lair:1)
  4 hydras
  4 two-headed ogres
  5 death yaks (Lair:6)
  A centaur warrior (D:11)
  A sea snake (Lair:6)
  An unseen horror (D:10)
  3 swamp dragons (Lair:5)
  An orc knight (D:11)
  Pikel (D:9)
  A harpy (Lair:6)
  2 deep elf magi
  A cyclops (D:11)
  2 elephants
  4 black mambas
  11 spiny frogs
  Joseph (Lair:1)
  A centaur zombie (D:10)
  A torpor snail (Lair:4)
  3 rime drakes
  9 komodo dragons
  4 hornets
  15 blink frogs
  Prince Ribbit (D:6)
  6 hippogriffs
  A slime creature (Lair:5)
  A tarantella (Lair:4)
  A vampire (D:10)
  A shadow (D:11)
  2 redbacks (Lab)
  2 wyverns
  27 yaks
  2 basilisks
  3 hungry ghosts
  2 vampire mosquitoes (Lair:5)
  2 swamp worms (Lair:5)
  5 water moccasins
  A soldier ant (D:11)
  3 orc warriors
  6 porcupines
  2 sky beasts
  4 ice beasts
  4 slaves (D:9)
  3 phantoms
  6 wolves (Lair:6)
  6 ogres
  9 centaurs
  12 crocodiles
  A big kobold (D:9)
  A gnoll sergeant (D:7)
  12 bullfrogs
  3 scorpions
  A wyvern skeleton (D:10)
  7 killer bees
  2 electric eels (Lair:5)
  3 howler monkeys
  5 wights (D:7)
  4 crimson imps
  A quasit (D:10)
  3 bullfrog skeletons
  3 hounds
  9 orc priests
  3 jellies
  18 orc wizards
  An iguana (D:4)
  A centaur skeleton (D:9)
  Natasha (thrice) (D:2)
  6 worker ants
  7 ogre zombies (D:10)
  2 hound zombies
  A hound skeleton (D:10)
  9 adders
  5 gnolls (D:7)
  3 shadow imps
  An ooze (D:2)
  3 adder skeletons (D:7)
  2 worms
  2 dart slugs (D:1)
  3 leopard geckos
  50 orcs
  A ball python (D:3)
  9 giant cockroaches
  11 goblins
  7 hobgoblins
  10 jackals
  10 kobolds
  4 quokkas
  12 bats
  6 frilled lizards
  3 goblin zombies (D:10)
  2 hobgoblin skeletons (D:10)
  3 hobgoblin zombies (D:10)
  A leopard gecko skeleton (D:9)
  An orc skeleton (D:10)
  12 orc zombies (D:10)
  A quokka zombie (D:7)
  3 rats
462 creatures vanquished.

Vanquished Creatures (collateral kills)
  An orc skeleton (D:10)
1 creature vanquished.

Vanquished Creatures (others)
  8 fungi
  14 plants (Lair:6)
22 creatures vanquished.

Grand Total: 485 creatures vanquished

Notes
Turn   | Place    | Note
-------+----------+-------------------------------------------
     0 | D:1      | rgaf the Vampire Enchanter began the quest for the Orb.
     0 | D:1      | Reached XP level 1. HP: 13/13 MP: 3/3
   241 | D:1      | Reached XP level 2. HP: 12/19 MP: 5/5
   250 | D:1      | Learned a level 2 spell: Ensorcelled Hibernation
   438 | D:1      | Reached skill level 5 in Stealth
   718 | D:1      | Reached skill level 5 in Hexes
  1026 | D:1      | Reached XP level 3. HP: 18/24 MP: 0/6
  1713 | D:2      | Noticed Natasha
  1716 | D:2      | Killed Natasha
  1740 | D:2      | Reached XP level 4. HP: 20/30 MP: 7/7
  1858 | D:2      | Reached skill level 6 in Stealth
  2012 | D:2      | Noticed Natasha
  2018 | D:2      | Killed Natasha
  2325 | D:2      | Noticed Natasha
  2350 | D:2      | Killed Natasha
  2350 | D:2      | Reached XP level 5. HP: 22/35 MP: 0/9
  2908 | D:2      | Learned a level 3 spell: Confuse
  3092 | D:3      | Reached skill level 7 in Stealth
  3567 | D:3      | Reached XP level 6. HP: 41/41 MP: 10/10
  4835 | D:4      | Reached skill level 8 in Stealth
  5371 | D:4      | Reached XP level 7. HP: 46/46 MP: 12/12
  5773 | D:5      | Entered Level 5 of the Dungeon
  5775 | D:5      | Reached skill level 9 in Stealth
  5830 | D:5      | Found a staircase to the Ecumenical Temple.
  5893 | Temple   | Entered the Ecumenical Temple
  6090 | Temple   | Became a worshipper of Kikubaaqudgha
  6623 | D:5      | Found a shadowy altar of Dithmenos.
  6970 | D:6      | Reached skill level 10 in Stealth
  7053 | D:6      | Found Xaiclot's Book Shoppe.
  7521 | D:6      | Reached XP level 8. HP: 38/52 MP: 0/14
  7696 | D:6      | Noticed a two-headed ogre
  7709 | D:6      | Killed a two-headed ogre
  7709 | D:6      | Reached skill level 11 in Stealth
  7709 | D:6      | Reached skill level 10 in Hexes
  7712 | D:6      | Noticed Prince Ribbit
  7715 | D:6      | Killed Prince Ribbit
  7715 | D:6      | Reached skill level 5 in Spellcasting
  7910 | D:6      | Reached skill level 12 in Stealth
  7912 | D:6      | Reached * piety under Kikubaaqudgha
  7912 | D:6      | Identified Kikubaaqudgha's Almanac of Unholy Magic (Kikubaaqudgha gifted it to you on level 6 of the Dungeon)
  7912 | D:6      | Received a gift from Kikubaaqudgha
  8014 | D:5      | Reached XP level 9. HP: 57/57 MP: 12/16
  8289 | D:7      | Found a glowing golden altar of the Shining One.
  8293 | D:7      | Found a burning altar of Makhleb.
  8293 | D:7      | Found a sparkling altar of Nemelex Xobeh.
  8293 | D:7      | Found an iron altar of Okawaru.
  8294 | D:7      | Found a hide-covered altar of Uskayaw.
  9043 | D:7      | Reached skill level 13 in Stealth
  9633 | D:8      | Reached ** piety under Kikubaaqudgha
  9662 | D:8      | Noticed a deep elf mage
  9669 | D:8      | Killed a deep elf mage
  9708 | D:8      | Reached skill level 14 in Stealth
 10014 | D:8      | Found a snail-covered altar of Cheibriados.
 10304 | D:8      | Reached XP level 10. HP: 63/63 MP: 19/19
 10306 | D:8      | Found Yrasa's Antique Armour Shop.
 10371 | D:8      | Bought a pair of embroidered gloves for 157 gold pieces
 11238 | D:9      | Found a radiant altar of Vehumet.
 11314 | D:9      | Noticed a two-headed ogre
 11320 | D:9      | Killed a two-headed ogre
 11320 | D:9      | Reached skill level 15 in Stealth
 11525 | D:9      | Noticed Pikel
 11530 | D:9      | Killed Pikel
 11934 | D:10     | Entered Level 10 of the Dungeon
 12004 | D:10     | Noticed an unseen horror
 12010 | D:10     | Killed an unseen horror
 12037 | D:10     | Found a stormy altar of Qazlal.
 12105 | D:10     | Found a staircase to the Orcish Mines.
 12158 | D:10     | Reached *** piety under Kikubaaqudgha
 12158 | D:10     | Identified Kikubaaqudgha's Compendium of Unholy Rites (Kikubaaqudgha gifted it to you on level 10 of the Dungeon)
 12158 | D:10     | Received a gift from Kikubaaqudgha
 12158 | D:10     | Reached skill level 16 in Stealth
 12305 | D:10     | Noticed a two-headed ogre
 12312 | D:10     | Killed a two-headed ogre
 12312 | D:10     | Reached skill level 15 in Hexes
 12312 | D:10     | Reached XP level 11. HP: 45/68 MP: 10/21
 12618 | D:10     | Found a staircase to the Lair.
 13623 | D:11     | Reached **** piety under Kikubaaqudgha
 13762 | D:11     | Noticed a centaur warrior
 13763 | D:11     | Noticed an orc knight
 13765 | D:11     | Killed an orc knight
 13766 | D:11     | Noticed a deep elf mage
 13770 | D:11     | Killed a deep elf mage
 13774 | D:11     | Killed a centaur warrior
 13774 | D:11     | Reached skill level 17 in Stealth
 13943 | D:11     | Noticed a two-headed ogre
 13991 | D:11     | Killed a two-headed ogre
 14582 | Lair:1   | Entered Level 1 of the Lair of Beasts
 14636 | Lair:1   | Noticed Fannar
 14636 | Lair:1   | Reached skill level 1 in Fighting
 14844 | Lair:1   | Killed Fannar
 15396 | Lair:1   | Noticed Joseph
 15415 | Lair:1   | Killed Joseph
 15849 | Lair:2   | Reached XP level 12. HP: 78/79 MP: 17/24
 15963 | Lair:2   | Reached skill level 5 in Short Blades
 16155 | Lair:2   | Identified a +2 pair of boots of running (You found it on level 2 of the Lair of Beasts)
 16343 | Lair:2   | Reached ***** piety under Kikubaaqudgha
 18103 | Lair:4   | Found a labyrinth entrance.
 18108 | Lab      | Entered a labyrinth
 19307 | Lab      | Noticed a minotaur
 19314 | Lab      | Killed a minotaur
 19319 | Lab      | Got a crude iron ring
 19321 | Lab      | Identified the ring "Watra" {*Slow rElec rPois rF++ Int+4} (You found it in a labyrinth)
 19352 | Lab      | Identified 2 scrolls of acquirement
 19746 | Lair:4   | Noticed drakoslayr's ghost (journeyman MiBe)
 19768 | Lair:4   | Noticed a six-headed hydra
 19772 | Lair:4   | Killed a six-headed hydra
 19820 | Lair:4   | Found a staircase to the Swamp.
 19824 | Lair:4   | Reached skill level 5 in Fighting
 19882 | Lair:4   | Noticed a six-headed hydra
 19918 | Lair:4   | Killed a six-headed hydra
 20009 | Lair:4   | Found a hole to the Spider Nest.
 20319 | Lair:4   | Killed drakoslayr's ghost
 20319 | Lair:4   | Reached XP level 13. HP: 85/92 MP: 22/26
 20914 | Lair:5   | Reached skill level 10 in Short Blades
 21135 | Lair:5   | Reached skill level 10 in Spellcasting
 21135 | Lair:5   | Reached skill level 1 in Necromancy
 22382 | Lair:6   | Entered Level 6 of the Lair of Beasts
 22470 | Lair:6   | Got a shimmering robe
 22664 | Lair:6   | Reached skill level 5 in Necromancy
 22744 | Lair:6   | Gained mutation: You are weak. (Str -2) [potion of mutation]
 22744 | Lair:6   | Gained mutation: You are covered in fur. (AC +1) [potion of mutation]
 22744 | Lair:6   | Gained mutation: Your spells are a little harder to cast, but a little more powerful. [potion of mutation]
 24158 | Lair:6   | Reached ****** piety under Kikubaaqudgha
 24202 | Lair:6   | Killed from afar by a rime drake

Skill      XL: |  1  2  3  4  5  6  7  8  9 10 11 12 13 |
---------------+----------------------------------------+-----
Stealth        | 5 6 7 8 10 12 14 16 17 | 17.4
Hexes          | 5 6 7 8 9 11 13 15 16 | 16.2
Spellcasting   | 3 4 5 6 7 8 9 10 | 10.8
Short Blades   | 4 9 10 | 10.0
Fighting       | 2 5 7 |  7.4
Necromancy     | 7 |  7.8
Dodging        | |  2.1

Action                   |  1- 3 |  4- 6 |  7- 9 | 10-12 | 13-15 || total
-------------------------+-------+-------+-------+-------+-------++-------
Melee: Dagger            |   100 |   199 |   235 |   525 |       ||  1059
       Bite              |     5 |     9 |    10 |    59 |    28 ||   111
       Rapier            |       |       |       |    43 |   279 ||   322
 Cast: Ensorcelled Hiber |     4 |    32 |    76 |   160 |    74 ||   346
       Confuse           |       |     5 |    13 |    32 |    18 ||    68
Evoke: Wand              |       |       |       |     2 |     7 ||     9
  Use: Potion            |       |     6 |     6 |    13 |    13 ||    38
       Scroll            |       |     1 |       |    26 |     7 ||    34
 Stab: Sleeping          |    14 |    44 |    63 |   146 |    50 ||   317
       Confused          |       |     1 |    10 |    28 |    10 ||    49
       Distracted        |       |       |       |     7 |       ||     7
Armor: Robe              |    21 |    41 |       |       |       ||    62
       Leather armour    |       |       |    55 |   173 |    93 ||   321
Dodge: Dodged            |    73 |   133 |   116 |   256 |   151 ||   729
